 Dungeon Crawl Stone Soup version 0.29.0-4-gdea44cf6ec (webtiles) character file.

Game seed: 17392858697663489942

7 qw the Sneak (level 2, 0/19 HPs)
             Began as a Gargoyle Delver on Sept 10, 2022.
             Slain by an iguana (3 damage)
             ... on level 5 of the Dungeon.
             The game lasted 00:00:02 (177 turns).

qw the Sneak (Gargoyle Delver)                       Turns: 177, Time: 00:00:03

Health: 0/19       AC:  5    Str: 15    XL:     2   Next: 4%
Magic:  2/2        EV: 11    Int: 10    God:
Gold:   0          SH:  0    Dex: 11    Spells: 1/1 levels left

rFire   . . .      SeeInvis .   a - +0 hand axe
rCold   . . .      Faith    .   (no shield)
rNeg    + . .      Spirit   .   b - +0 leather armour
rPois   inf        Reflect  .   (no helmet)
rElec   +          Harm     .   (no cloak)
rCorr   .          Rampage  .   (no gloves)
Will    .....                   (no boots)
Stlth   +++.......              (no amulet)
HPRegen 0.06/turn               (no ring)
MPRegen 0.08/turn               (no ring)

@: no status effects
A: sickness immunity, AC +2, negative energy resistance 1, electricity
resistance, torment resistance 1, petrification resistance
a: no special abilities


You were on level 5 of the Dungeon.
You visited 1 branch of the dungeon, and saw 1 of its levels.


Innate Abilities, Weirdness & Mutations

You are immune to sickness and miasma.
Your stone body is resilient. (AC +2)
You are immune to poison.
You resist negative energy. (rN+)
You are resistant to electric shocks. (rElec)
You are resistant to unholy torment.
You are immune to petrification.


   Skills:
 - Level 3.2 Fighting
 + Level 2.4 Axes
 - Level 1.5 Dodging
 - Level 5.4 Stealth


You had one spell level left.
You didn't know any spells.
Your spell library was empty.

Inventory:

Hand Weapons
 a - a +0 hand axe (weapon)
Missiles
 j - 3 boomerangs (quivered)
Armour
 b - a +0 leather armour (worn)
Wands
 g - a wand of digging (3)
Scrolls
 c - a scroll of fog
 d - a scroll of magic mapping
 e - a scroll of fear
 h - a scroll of enchant armour {unknown}
 i - a scroll of identify {unknown}
Potions
 f - a potion of haste

Dungeon Overview and Level Annotations

Branches:
Dungeon (5/15)
 Temple: D:4-7

Altars:


Message History

HP restored.
j - 3 boomerangs
Things that are here:
a +0 hand axe; a +0 leather armour; an orc corpse
Found a robe.
You see here a +0 robe.
An ufetubus comes into view.
Throw: 3 boomerangs
Press: ? - help, Q - select action Shift-Dir - straight line, f - ufetubus You throw a boomerang.
The boomerang hits the ufetubus.
The ufetubus shouts!
The ufetubus is severely wounded.
An iguana comes into view.
Throw: 3 boomerangs
Press: ? - help, Q - select action Shift-Dir - straight line, f/p - ufetubus You throw a boomerang.
The boomerang misses the ufetubus.
The boomerang barely misses the iguana.
The iguana hisses angrily.
Throw: 3 boomerangs
Press: ? - help, Q - select action Shift-Dir - straight line, f/p - ufetubus You throw a boomerang.
The boomerang misses the ufetubus.
The boomerang closely misses the iguana.
You hit the ufetubus.
You kill the ufetubus!
You have reached level 2!
Throw: 3 boomerangs
Press: ? - help, Q - select action Shift-Dir - straight line, f - iguana You throw a boomerang.
The boomerang hits the iguana but does no damage.
You closely miss the iguana. The iguana bites you!
Ouch! That really hurt!
The iguana bites you.
You hit the iguana.
The iguana is moderately wounded.
The iguana barely misses you.
You hit the iguana.
The iguana is severely wounded.
The iguana bites you.
You die...

##############
#............#####
#.##########)#.##.
#.# #...... #.#
#...... #.#
##...#. #[# ##.##.
#@# #.### #l# #.#
#.# #+# #.# #.#
#.# #.# #..


You could see an iguana.

Vanquished Creatures
  An ufetubus (D:5)
  An orc (D:5)
2 creatures vanquished.

Notes
Turn   | Place    | Note
-------+----------+-------------------------------------------
     0 | D:5      | qw the Gargoyle Delver began the quest for the Orb.
     0 | D:5      | Reached XP level 1. HP: 14/14 MP: 1/1
     0 | D:5      | 0 ||| qw: Version: 0.1-a-116-g5d60599
     0 | D:5      | 0 ||| qw: Game counter: 9369
     0 | D:5      | 0 ||| qw: Always use a shield: true
     0 | D:5      | 0 ||| qw: God list: Okawaru
     0 | D:5      | 0 ||| qw: Allow faded altars: false
     0 | D:5      | 0 ||| qw: Do Orc after D:15 true
     0 | D:5      | 0 ||| qw: Do second Lair branch before Depths: true
     0 | D:5      | 0 ||| qw: Lair rune preference: random
     0 | D:5      | 0 ||| qw: Plans: Normal
     0 | D:5      | 0 ||| PLANNING D:1-11
    27 | D:5      | 27 ||| Stepping ~*~*~tactically~*~*~ (stealth).
    29 | D:5      | 29 ||| Stepping ~*~*~tactically~*~*~ (stealth).
   169 | D:5      | Noticed an iguana
   173 | D:5      | Reached XP level 2. HP: 19/19 MP: 2/2
   175 | D:5      | HP: 3/19 [iguana (5)]
   177 | D:5      | Slain by an iguana

Levels and vault maps discovered:
D:5:      layout_loops_corners, minmay_overflow_temple_star_quad, minmay_bent

Skill      XL: |  1 |
---------------+----+-----
Axes           | 2 |  2.4
Fighting       | |  3.2
Dodging        | |  1.5
Stealth        | |  5.4

Action                   || total
-------------------------++-------
Melee: Hand axe          ||    11
Throw: Boomerang         ||     4
 Stab: Distracted        ||     1
Dodge: Dodged            ||     7

Table legend:
 A = Non-vault XP
 B = Vault XP
 C = Vault XP percentage of total XP
 D = Non-vault monster count
 E = Vault monster count
 F = Vault count percentage of total count
                 A         B        C        D         E       F
            +---------+---------+-------+---------+---------+-------
      Total |      11 |       0 |   0.0 |       2 |       0 |   0.0
            +---------+---------+-------+---------+---------+-------
        D:5 |      11 |       0 |   0.0 |       2 |       0 |   0.0
            +---------+---------+-------+---------+---------+-------
